 Dungeon Crawl Stone Soup version 0.31-a0-182-gc5ef74bbde (webtiles) character file.

Game seed: 15564293164422599562

3382 qw the Cleaver (level 10, 0/63 HPs)
             Began as a Gargoyle Fighter on June 20, 2023.
             Was a Follower of Okawaru.
             Slain by a fire dragon zombie (6 damage)
             ... on level 1 of the Abyss.
             The game lasted 00:03:04 (6187 turns).

qw the Cleaver (Gargoyle Fighter)                   Turns: 6187, Time: 00:03:04

Health: 0/63       AC: 23    Str: 23    XL:     10   Next: 4%
Magic:  11/13      EV:  8    Int: 10    God:    Okawaru [*.....]
Gold:   466        SH:  5    Dex:  9    Spells: 9/9 levels left

rFire   . . .        Y - +2 war axe (heavy)
rCold   . . .        c - +0 buckler
rNeg    + . .        q - +0 plate armour
rPois   inf          j - +0 helmet
rElec   +            (no cloak)
rCorr   +            (no gloves)
SInv    .            (no boots)
Will    .....        (no amulet) Stlth
                     p - ring of resist corrosion
HPRegen 0.30/turn    (no ring)
MPRegen 0.13/turn

%: no passive effects
@: about to teleport, heroic
A: sickness immunity, AC +7, negative energy resistance 1, electricity
resistance, torment resistance 1, petrification resistance
a: Renounce Religion, Heroism


You were on level 1 of the Abyss.
You worshipped Okawaru.
Okawaru was aware of your devotion.
You visited 2 branches of the dungeon, and saw 8 of its levels.
You visited the Abyss 1 time.
You also visited: Ossuary.

You collected 543 gold pieces.
You spent 77 gold pieces at shops.


Innate Abilities, Weirdness & Mutations

You are immune to sickness and miasma.
Your stone body is resilient. (AC +7)
You are immune to poison.
You resist negative energy. (rN+)
You are resistant to electric shocks. (rElec)
You are resistant to unholy torment.
You are immune to petrification.


   Skills:
 - Level 7.1(12.1) Fighting
 + Level 9.7(14.7) Axes
 - Level 0.1(5.1) Throwing
 - Level 6.3(11.3) Armour
 - Level 1.5(6.5) Dodging
 - Level 4.1(9.1) Shields
 - Level 4.3 Invocations


You had 9 spell levels left.
You didn't know any spells.
Your spell library was empty.

Inventory:

Hand Weapons
 o - a +0 war axe of flaming
 Y - a +2 heavy war axe (weapon)
Armour
 c - a +0 buckler (worn)
 j - a +0 helmet (worn)
 q - a +0 plate armour (worn)
Jewellery
 e - a ring of resist corrosion
 p - a ring of resist corrosion (left hand)
Scrolls
 a - 4 scrolls of identify
Potions
 b - 2 potions of resistance
 d - a potion of might
 f - 6 potions of curing
 g - a potion of enlightenment
 h - a potion of mutation
 k - a potion of magic
 m - 4 potions of lignification

Dungeon Overview and Level Annotations

Branches:
Dungeon (7/15)             Temple (1/1) D:4         Ossuary (visited)

Altars:
Ashenzari
Cheibriados
Dithmenos
Fedhas
Gozag
Hepliaklqana
Kikubaaqudgha
Makhleb
Nemelex Xobeh
Okawaru
Qazlal
Ru
Sif Muna
Uskayaw
Vehumet
Wu Jian
Xom
Yredelemnul
Zin
The Shining One

Shops:
D:3 ?   D:5 *

Annotations:
D:5 1 transporter


Message History

The raiju bites you but does no damage. The raiju bites you!
The raiju shocks you. You resist.
6184 ||| INVOKING Heroism.
You gain the combat prowess of a mighty hero.
The smoke demon roars!
The raiju bites you but does no damage. x2
The smoke demon gestures at you. Something smites you!
The fire dragon zombie bites you but does no damage.
The fire dragon zombie misses you.
The fire dragon zombie barely misses you.
You cut the fire dragon zombie into ribbons!!!
The fire dragon zombie is almost destroyed.
You slash the raiju! You completely miss the raiju.
You hear a bark!
You hear an angry squeal.
The raiju bites you but does no damage. The smoke demon gestures at you.
The ball of steam hits you!
The raiju bursts into living lightning!
The living lightning hits you but does no damage.
You resist.
The living lightning hits the raiju.
The raiju completely resists.
The raiju blinks! x2; The fire dragon zombie bites you.
The fire dragon zombie claws you but does no damage.
You block the fire dragon zombie's attack.
6186 ||| READING scroll of teleportation.
As you read the scroll of teleportation, it crumbles to dust.
You feel strangely unstable.
You feel the power of the Abyss delaying your translocation!
You are engulfed in a cloud of scalding steam.
The raiju barely misses you.
The raiju is engulfed in a cloud of scalding steam.
The raiju bursts into living lightning!
The living lightning hits you. You resist.
The raiju blinks!
You carve the raiju like a ham!!!
You kill the raiju!
Okawaru accepts your kill.
You closely miss the raiju.
You completely miss the fire dragon zombie.
The fire dragon zombie bites you.
You die...

## ## .#
#.#.#..###
##@h.....#
#.¤¤Z#.#...
....#.###.#
#.#..##.¤ #
...# .¤.
...# #.##
... #3¤ .#
...


You could see a raiju and a fire dragon zombie.

Vanquished Creatures
  A smoke demon (Abyss:1)
  A raiju (Abyss:1)
  A wyvern (D:6)
  6 yaks (D:6)
  2 steam dragons (D:6)
  Menkaure (D:5)
  A water moccasin (D:6)
  An orc warrior (D:6)
  An ice beast (D:6)
  An ogre (D:7)
  A centaur (D:5)
  A phantom (D:6)
  2 kobold brigands
  A scorpion (D:5)
  2 bullfrogs (D:6)
  2 hounds (D:6)
  2 jellies
  2 orc priests (D:4)
  4 gnoll boudas
  2 sleepcaps
  Terence (D:2)
  5 iguanas
  An orc wizard (D:6)
  9 mummies
  4 gnolls
  7 adders
  2 shadow imps (D:6)
  A white imp (D:5)
  2 worms
  3 dart slugs
  11 orcs
  9 ball pythons
  4 endoplasms
  2 giant cockroaches
  2 gnoll zombies (Ossuary)
  5 goblins
  6 hobgoblins
  3 jackals (D:4)
  3 quokkas
  12 bats
  3 frilled lizards
  3 hobgoblin zombies (Ossuary)
  21 kobolds
  2 kobold zombies (Ossuary)
  An orc zombie (Ossuary)
  8 rats
165 creatures vanquished.

Notes
Turn   | Place    | Note
-------+----------+-------------------------------------------
     0 | D:1      | qw the Gargoyle Fighter began the quest for the Orb.
     0 | D:1      | Reached XP level 1. HP: 14/14 MP: 1/1
     0 | D:1      | 0 ||| qw: Version: 0.3-a-9-g12657ce
     0 | D:1      | 0 ||| qw: Game counter: 1251
     0 | D:1      | 0 ||| qw: Always use a shield: true
     0 | D:1      | 0 ||| qw: God list: Okawaru
     0 | D:1      | 0 ||| qw: Allow faded altars: false
     0 | D:1      | 0 ||| qw: Do Orc after D:15 true
     0 | D:1      | 0 ||| qw: Do second Lair branch before Depths: true
     0 | D:1      | 0 ||| qw: Lair rune preference: random
     0 | D:1      | 0 ||| qw: Plans: Normal, Zot:1-4, Slime:5, God:TSO, Crypt,
                  | Tomb, Abyss, Pan, Hells, Win
     0 | D:1      | 0 ||| PLANNING D:1-11
    28 | D:1      | Reached skill level 2 in Axes
   113 | D:1      | 113 ||| Stepping ~*~*~tactically~*~*~ (hiding).
   114 | D:1      | 114 ||| Stepping ~*~*~tactically~*~*~ (hiding).
   118 | D:1      | Reached XP level 2. HP: 12/19 MP: 2/2
   192 | D:1      | 192 ||| DROPPING +0 club.
   276 | D:1      | Reached skill level 3 in Axes
   395 | D:1      | Reached XP level 3. HP: 23/23 MP: 3/3
   467 | D:1      | 467 ||| DROPPING +0 whip.
   663 | D:1      | 663 ||| UPGRADING to +2 ring mail of cold resistance.
   673 | D:1      | 673 ||| DROPPING +0 scale mail.
   674 | D:1      | 674 ||| READING 2 scrolls labelled LUCHUA CADASH.
   675 | D:1      | 675 ||| READING scroll labelled BYNURO JEMIDO.
   676 | D:1      | 676 ||| READING scroll labelled YMOULO LAOCZO.
   677 | D:1      | 677 ||| READING scroll labelled CUNYUM TEUCHOU.
   678 | D:1      | 678 ||| READING 3 scrolls labelled SOUXAD ANUCH.
   679 | D:1      | 679 ||| READING 2 scrolls of brand weapon.
   679 | D:1      | 679 ||| BRANDING +0 war axe of chaos.
   680 | D:1      | 680 ||| READING scroll of brand weapon.
   680 | D:1      | 680 ||| BRANDING +0 war axe of venom.
   681 | D:1      | 681 ||| DROPPING +0 mace.
   682 | D:1      | 682 ||| READING scroll labelled ZEMITHR WOIFOE.
   683 | D:1      | 683 ||| DRINKING 2 green potions.
   684 | D:1      | 684 ||| DROPPING potion of brilliance.
   955 | D:2      | 955 ||| Stepping ~*~*~tactically~*~*~ (stealth).
   956 | D:2      | 956 ||| Stepping ~*~*~tactically~*~*~ (stealth).
   960 | D:2      | 960 ||| Stepping ~*~*~tactically~*~*~ (stealth).
   968 | D:2      | Noticed Terence
   974 | D:2      | Killed Terence
   975 | D:2      | Reached skill level 4 in Axes
   975 | D:2      | Reached XP level 4. HP: 16/28 MP: 4/4
   982 | D:2      | 982 ||| Stepping ~*~*~tactically~*~*~ (stealth).
   983 | D:2      | 983 ||| Stepping ~*~*~tactically~*~*~ (stealth).
   991 | D:2      | 991 ||| Stepping ~*~*~tactically~*~*~ (stealth).
   993 | D:2      | 993 ||| Stepping ~*~*~tactically~*~*~ (stealth).
  1089 | D:2      | 1089 ||| Stepping ~*~*~tactically~*~*~ (stealth).
  1463 | D:2      | 1463 ||| READING scroll labelled VIFOLL YRA DAD.
  1468 | D:2      | 1468 ||| DRINKING 3 fuming golden potions.
  1469 | D:2      | 1469 ||| READING 2 scrolls of identify.
  1469 | D:2      | 1469 ||| IDENTIFYING red potion
  1525 | D:3      | 1525 ||| Stepping ~*~*~tactically~*~*~ (hiding).
  1652 | D:3      | Found The Oracle's Delphic Readings.
  1656 | D:3      | 1656 ||| BUYING scroll of identify (22 gold).
  1656 | D:3      | Bought a scroll of identify for 22 gold pieces
  1656 | D:3      | 1656 ||| BUYING scroll of identify (22 gold).
  1656 | D:3      | Bought a scroll of identify for 22 gold pieces
  1656 | D:3      | 1656 ||| BUYING scroll of teleportation (33 gold).
  1656 | D:3      | Bought a scroll of teleportation for 33 gold pieces
  1753 | D:3      | Found a faded altar of an unknown god.
  1800 | D:3      | 1800 ||| Stepping ~*~*~tactically~*~*~ (hiding).
  1801 | D:3      | 1801 ||| Stepping ~*~*~tactically~*~*~ (hiding).
  1838 | D:3      | Reached XP level 5. HP: 27/32 MP: 5/5
  2079 | D:3      | 2079 ||| READING scroll labelled SAHIEPIG LOLAN.
  2080 | D:3      | 2080 ||| DRINKING 2 white potions.
  2101 | D:3      | 2101 ||| READING 3 scrolls of identify.
  2101 | D:3      | 2101 ||| IDENTIFYING fuming white potion
  2102 | D:3      | 2102 ||| READING 2 scrolls of identify.
  2102 | D:3      | 2102 ||| IDENTIFYING lumpy red potion
  2103 | D:3      | 2103 ||| DROPPING potion of invisibility.
  2120 | D:4      | 2120 ||| STAIRDANCE
  2200 | D:4      | Found a snail-covered altar of Cheibriados.
  2231 | D:4      | Reached skill level 5 in Axes
  2274 | D:4      | HP: 7/32 [orc priest/+0 hand axe (2)]
  2275 | D:4      | 2275 ||| READING scroll of teleportation.
  2277 | D:4      | HP: 2/32 [orc/+0 club (3)]
  2279 | D:4      | Reached skill level 1 in Dodging
  2279 | D:4      | Reached XP level 6. HP: 1/37 MP: 6/6
  2504 | D:4      | Found a staircase to the Ecumenical Temple.
  2505 | D:4      | 2505 ||| PLANNING TEMPLE
  2505 | D:4      | 2505 ||| UPGRADING to +0 chain mail.
  2515 | D:4      | 2515 ||| READING scroll labelled IZELETZU XATZ.
  2515 | D:4      | Identified a scroll of acquirement
  2515 | D:4      | 2515 ||| ACQUIRING +2 heavy war axe
  2515 | D:4      | Acquired a +2 heavy war axe
  2517 | D:4      | 2517 ||| SWAPPING to +2 heavy war axe.
  2518 | D:4      | 2518 ||| READING 2 scrolls of identify.
  2518 | D:4      | 2518 ||| IDENTIFYING smoky puce potion
  2529 | Temple   | Entered the Ecumenical Temple
  2733 | Temple   | 2733 ||| PLANNING D:1-11
  3237 | D:5      | Entered Level 5 of the Dungeon
  3269 | D:5      | 3269 ||| STAIRDANCE
  3273 | D:4      | Found an iron altar of Okawaru.
  3274 | D:4      | 3274 ||| PLANNING OKAWARU WORSHIP
  3281 | D:4      | Became a worshipper of Warmaster Okawaru
  3282 | D:4      | 3282 ||| PLANNING D:1-11
  3305 | D:5      | Found Kecwub's General Store.
  3319 | D:5      | Reached XP level 7. HP: 26/44 MP: 7/7
  3393 | D:5      | 3393 ||| SHOPLISTING +8 plate armour "Leoxzus" {Will- Int+7
                  | SInv} (931 gold, have 147).
  3578 | D:5      | 3578 ||| Stepping ~*~*~tactically~*~*~ (hiding).
  3579 | D:5      | 3579 ||| Stepping ~*~*~tactically~*~*~ (hiding).
  3582 | D:5      | Noticed Menkaure
  3586 | D:5      | Reached skill level 6 in Axes
  3592 | D:5      | Killed Menkaure
  3592 | D:5      | Reached * piety under Okawaru
  3610 | D:5      | 3610 ||| FLEEEEING.
  3611 | D:5      | 3611 ||| FLEEEEING.
  3612 | D:5      | 3612 ||| FLEEEEING.
  3613 | D:5      | 3613 ||| FLEEEEING.
  3614 | D:5      | 3614 ||| FLEEEEING.
  3615 | D:5      | 3615 ||| FLEEEEING.
  3616 | D:5      | 3616 ||| FLEEEEING.
  3617 | D:5      | 3617 ||| FLEEEEING.
  3618 | D:5      | 3618 ||| FLEEEEING.
  3623 | D:5      | 3623 ||| FLEEEEING.
  3636 | D:5      | 3636 ||| FLEEEEING.
  3637 | D:5      | 3637 ||| FLEEEEING.
  3638 | D:5      | 3638 ||| FLEEEEING.
  3639 | D:5      | 3639 ||| FLEEEEING.
  3640 | D:5      | 3640 ||| FLEEEEING.
  3641 | D:5      | 3641 ||| FLEEEEING.
  3643 | D:5      | 3643 ||| FLEEEEING.
  3644 | D:5      | 3644 ||| FLEEEEING.
  3645 | D:5      | 3645 ||| FLEEEEING.
  3646 | D:5      | 3646 ||| FLEEEEING.
  3647 | D:5      | 3647 ||| FLEEEEING.
  3648 | D:5      | 3648 ||| FLEEEEING.
  3649 | D:5      | 3649 ||| FLEEEEING.
  3653 | D:5      | 3653 ||| FLEEEEING.
  3654 | D:5      | 3654 ||| FLEEEEING.
  3655 | D:5      | 3655 ||| FLEEEEING.
  3656 | D:5      | 3656 ||| FLEEEEING.
  3657 | D:5      | 3657 ||| FLEEEEING.
  3658 | D:5      | 3658 ||| FLEEEEING.
  3659 | D:5      | 3659 ||| FLEEEEING.
  3660 | D:5      | 3660 ||| FLEEEEING.
  3822 | D:5      | Reached skill level 1 in Invocations
  3833 | D:5      | 3833 ||| INVOKING Heroism.
  4080 | D:5      | Found a sparkling altar of Nemelex Xobeh.
  4080 | D:5      | Found a transporter.
  4265 | D:5      | 4265 ||| UPGRADING to +0 helmet.
  4270 | D:5      | 4270 ||| UPGRADING to ring of resist corrosion.
  4271 | D:5      | 4271 ||| READING 2 scrolls labelled VAIBIME NAHUU.
  4272 | D:5      | 4272 ||| READING 2 scrolls of identify.
  4272 | D:5      | 4272 ||| IDENTIFYING grey potion
  4273 | D:5      | 4273 ||| DROPPING scroll of vulnerability.
  4297 | D:6      | 4297 ||| PLANNING OSSUARY
  4304 | D:6      | Reached skill level 7 in Axes
  4304 | D:6      | Reached XP level 8. HP: 46/48 MP: 9/9
  4376 | D:6      | Reached skill level 3 in Invocations
  4415 | D:6      | 4415 ||| INVOKING Heroism.
  4505 | D:6      | 4505 ||| INVOKING Heroism.
  4530 | D:6      | 4530 ||| INVOKING Heroism.
  4544 | D:6      | 4544 ||| INVOKING Heroism.
  4547 | D:6      | Reached skill level 8 in Axes
  4700 | D:6      | 4700 ||| INVOKING Heroism.
  4705 | D:6      | Reached skill level 6 in Fighting
  4707 | D:6      | 4707 ||| Stepping ~*~*~tactically~*~*~ (cloud).
  4824 | D:6      | Found a shadowy altar of Dithmenos.
  4826 | D:6      | Noticed a wyvern
  4831 | D:6      | Killed a wyvern
  4832 | D:6      | Reached XP level 9. HP: 43/55 MP: 12/12
  4872 | D:6      | Found a radiant altar of Vehumet.
  4873 | D:6      | Found a burning altar of Makhleb.
  4941 | D:6      | Found a sand-covered staircase.
  4947 | D:6      | 4947 ||| DROPPING +2 ring mail of cold resistance.
  4948 | D:6      | 4948 ||| UPGRADING to +0 plate armour.
  4958 | D:6      | 4958 ||| DROPPING +0 chain mail.
  4959 | D:6      | 4959 ||| DROPPING ring of wizardry.
  4965 | Ossuary  | Entered an ossuary
  5004 | Ossuary  | 5004 ||| INVOKING Heroism.
  5251 | Ossuary  | 5251 ||| READING scroll labelled REIMNIUCIA.
  5287 | Ossuary  | 5287 ||| READING 3 scrolls of identify.
  5287 | Ossuary  | 5287 ||| IDENTIFYING clear potion
  5288 | Ossuary  | 5288 ||| READING 2 scrolls of identify.
  5288 | Ossuary  | 5288 ||| IDENTIFYING fizzy pink potion
  5289 | Ossuary  | 5289 ||| DROPPING potion of ambrosia.
  5290 | Ossuary  | 5290 ||| DROPPING potion of berserk rage.
  5316 | D:6      | 5316 ||| PLANNING D:1-11
  5422 | D:6      | 5422 ||| INVOKING Heroism.
  5429 | D:6      | Reached skill level 9 in Axes
  5439 | D:6      | 5439 ||| INVOKING Heroism.
  5771 | D:6      | 5771 ||| INVOKING Heroism.
  5828 | D:6      | 5828 ||| INVOKING Heroism.
  5972 | D:7      | 5972 ||| INVOKING Heroism.
  5979 | D:7      | Reached skill level 6 in Armour
  6021 | D:7      | 6021 ||| Stepping ~*~*~tactically~*~*~ (hiding).
  6025 | D:7      | 6025 ||| INVOKING Heroism.
  6035 | Abyss:1  | Cast into level 1 of the Abyss (gnoll)
  6085 | Abyss:1  | 6085 ||| Stepping ~*~*~tactically~*~*~ (stealth).
  6124 | Abyss:1  | Noticed a smoke demon
  6125 | Abyss:1  | 6125 ||| Stepping ~*~*~tactically~*~*~ (hiding).
  6131 | Abyss:1  | Killed a smoke demon
  6132 | Abyss:1  | Reached XP level 10. HP: 56/63 MP: 13/13
  6183 | Abyss:1  | Noticed a smoke demon
  6184 | Abyss:1  | 6184 ||| INVOKING Heroism.
  6185 | Abyss:1  | HP: 13/63 [fire dragon zombie (4)]
  6186 | Abyss:1  | 6186 ||| READING scroll of teleportation.
  6186 | Abyss:1  | HP: 6/63 [raiju/living lightning (4)]
  6187 | Abyss:1  | Slain by a fire dragon zombie

Levels and vault maps discovered:
D:1:      amcnicky_arrival_double_pillar, layout_basic,
          hangedman_decor_slide_cut, minmay_misc_feat_iff, hex_large
D:2:      layout_basic, uniq_terence
D:3:      layout_rooms, nicolae_ecumenical_lake_church,
          corexii_leaking_fountain, nicolae_nh_oracle_at_delphi
D:4:      cheibrodos_thug_alley, layout_basic,
          mainiacjoe_overflow_surrounded_room, nicolae_overflow_hidden_temple,
          minmay_temple_entry_sparse_star, grunt_ministairs_1
D:5:      layout_basic, grunt_nemelex_the_gamble, serial_shops,
          nicolae_diamond_shop, amcnicky_mini_rare_corridor_liquid,
          uniq_menkaure
D:6:      layout_loops_ring, minitemple, gup_ossuary_entry_pyramid,
          minmay_manual_macuahuitl
D:7:      kennysheep_seaside_town, layout_basic
Temple:   eino_temple_water
Abyss:1:  base:
D:6

Skill      XL: |  1  2  3  4  5  6  7  8  9 |
---------------+----------------------------+-----
Axes           | 2 3 4 5 7 8 9 |  9.7
Dodging        | 1 |  1.5
Fighting       | 4 6 7 |  7.1
Invocations    | 2 4 |  4.3
Armour         | 4 6 |  6.3
Shields        | 4 |  4.1
Throwing       | |  0.1

Action                     |  1- 3 |  4- 6 |  7- 9 | 10-12 || total
---------------------------+-------+-------+-------+-------++-------
  Melee: War axe           |    78 |   108 |   168 |     8 ||   362
  Throw: Boomerang         |       |    50 |       |       ||    50
 Invoke: Heroism           |       |       |    13 |     1 ||    14
    Use: Scroll            |     8 |     8 |     5 |     1 ||    22
         Potion            |     1 |     2 |       |       ||     3
 Armour: Scale mail        |    28 |       |       |       ||    28
         Ring mail         |    10 |    54 |       |       ||    64
         Chain mail        |       |    25 |    55 |       ||    80
         Plate armour      |       |       |    56 |    17 ||    73
  Dodge: Dodged            |    29 |    54 |    74 |     4 ||   161
  Block: Buckler           |    14 |    21 |    32 |     4 ||    71

Table legend:
 A = Non-vault XP
 B = Vault XP
 C = Vault XP percentage of total XP
 D = Non-vault monster count
 E = Vault monster count
 F = Vault count percentage of total count
                 A         B        C        D         E       F
            +---------+---------+-------+---------+---------+-------
      Total |    3845 |    1177 |  23.4 |     122 |      43 |  26.1
            +---------+---------+-------+---------+---------+-------
        D:1 |      41 |       0 |   0.0 |      19 |       0 |   0.0
        D:2 |      48 |      36 |  42.9 |      22 |       1 |   4.3
        D:3 |      76 |       4 |   5.0 |      14 |       2 |  12.5
        D:4 |     179 |     114 |  38.9 |      23 |      10 |  30.3
        D:5 |     484 |     165 |  25.4 |      18 |       1 |   5.3
        D:6 |    2379 |     417 |  14.9 |      24 |       6 |  20.0
        D:7 |       0 |     287 | 100.0 |       0 |       7 | 100.0
    Abyss:1 |     638 |       0 |   0.0 |       2 |       0 |   0.0
    Ossuary |       0 |     154 | 100.0 |       0 |      16 | 100.0
            +---------+---------+-------+---------+---------+-------
